 Dungeon Crawl Stone Soup version 0.28.0-1-gb440e238dd (webtiles) character file.

Game seed: 5010034539071968261

208 issech the Cudgeller (level 5, 0/44 (53) HPs)
             Began as a Troll Monk on Feb 22, 2022.
             Slain by an orc (1 damage)
             ... on level 2 of the Dungeon.
             The game lasted 00:06:36 (1541 turns).

issech the Cudgeller (Troll Monk)                   Turns: 1541, Time: 00:06:38

HP:   0/44 (53)     AC:  4    Str: 19    XL:     5   Next: 55%
MP:   4/4           EV: 11    Int: 12    God:
Gold: 155           SH:  0    Dex: 14    Spells: 4/4 levels left

rFire   . . .      SeeInvis .   a - +0 mace
rCold   . . .      Faith    .   (no shield)
rNeg    . . .      Spirit   .   b - +0 robe
rPois   .          Reflect  .   (helmet restricted)
rElec   .          Harm     .   (no cloak)
rCorr   .          Rampage  .   (gloves unavailable)
Will    .....                   (boots unavailable)
Stlth   ++........              (no amulet)
HPRegen 0.94/turn               e - +6 ring of intelligence
MPRegen 0.09/turn               (no ring)

@: lethally poisoned (0 -> -1), heavily drained
A: large, unfitting armour, claws 3, regeneration 1, shaggy fur 1, tough skin 1
a: no special abilities


You were on level 2 of the Dungeon.
You visited 1 branch of the dungeon, and saw 3 of its levels.

You collected 155 gold pieces.

Inventory:

Hand Weapons
 a - a +0 mace (weapon)
 n - the +4 dagger of the Genius {antimagic, Str+3}
   (You found it on level 2 of the Dungeon)

   It reduces the magical energy of the wielder, and disrupts the spells and
   magical abilities of those it strikes.
   Natural abilities and divine invocations are not affected.
   Str:       It affects your strength (+3).
 o - the +1 dagger of Xobluoh {speed, rC++ Will+ Stlth-}
   (You found it on level 2 of the Dungeon)

   Attacks with this weapon are significantly faster.
   rC:        It greatly protects you from cold.
   Will:      It increases your willpower.
   Stlth:     It makes you less stealthy.
Missiles
 c - 6 poisoned darts (quivered)
 d - 9 arrows
 i - 75 stones
 p - 59 sling bullets
 u - 19 bolts
Armour
 b - a +0 robe (worn)
 m - an orb of guile
Magical Staves
 q - a staff of air
Jewellery
 e - a +6 ring of intelligence (left claw)
Scrolls
 f - a scroll of identify {unknown}
 g - a scroll of magic mapping {unknown}
 h - a scroll of enchant weapon {unknown}
 k - 2 scrolls of vulnerability {unknown}
Potions
 j - a potion of curing {unknown}
 l - a potion of resistance {unknown}
 r - 2 potions of attraction {unknown}
 s - a potion of lignification {unknown}
 t - a potion of ambrosia {unknown}


   Skills:
 + Level 3.0 Fighting
 + Level 0.2 Short Blades
 + Level 4.2 Maces & Flails
 + Level 3.4 Dodging
 + Level 1.4 Stealth


You had 4 spell levels left.
You didn't know any spells.
Your spell library was empty.

Dungeon Overview and Level Annotations

Branches:
Dungeon (3/15)

Altars:

Shops:
D:2 (!*!


Innate Abilities, Weirdness & Mutations

You are too large for most types of armour.
You have claws for hands.
Your natural rate of healing is unusually fast.
You are covered in fur. (AC +1)
You have tough skin. (AC +1)


Message History

The orc hits you with a +0 short sword of draining.
You feel drained. The adder bites you but does no damage.
You hit the orc.
The orc is moderately wounded.
You feel sick. The adder bites you but does no damage.
The orc closely misses you. The adder barely misses you.
You hit the orc.
The orc is heavily wounded.
You feel sick.
The orc hits you with a +0 short sword of draining.
You feel drained. The adder barely misses you. The orc barely misses you.
You closely miss the orc.
The orc is heavily wounded.
You feel sick. The adder bites you.
You are more poisoned.
The adder poisons you! The adder bites you but does no damage.
The orc hits you but does no damage.
You feel drained.
You hit the orc.
The orc is almost dead.
You feel sick. The adder bites you.
* * * LOW HITPOINT WARNING * * *
The orc hits you with a +0 short sword of draining.
* * * LOW HITPOINT WARNING * * *
You feel drained.
* * * LOW HITPOINT WARNING * * *
You feel sick. The adder closely misses you.
The adder bites you but does no damage.
You feel sick. The adder bites you.
* * * LOW HITPOINT WARNING * * *
You are more poisoned.
The adder poisons you!
You feel sick. The adder bites you but does no damage.
There is a stone staircase leading up here.
You hit the orc but do no damage.
The orc is almost dead.
You feel sick. The adder closely misses you.
The orc hits you with a +0 short sword of draining.
* * * LOW HITPOINT WARNING * * *
You feel drained.
You die...

#...........#######
########....# #....#
#....#
###########....###
#.........#....∩.##
#.........#..[.#..## #
#.........#....##..###
#....@................
#....oS...#########...
#.>....>...########...
##########............
##########.#. #...
#... #... #...


You could see an adder and an orc.

Vanquished Creatures
  Sigmund (D:2)
  An adder (D:2)
  6 endoplasms
  A giant cockroach (D:1)
  3 goblins
  9 hobgoblins
  2 jackals (D:1)
  3 quokkas
  8 ball pythons
  2 bats (D:1)
  A frilled lizard (D:1)
  6 kobolds
  6 rats (D:1)
49 creatures vanquished.

Notes
Turn   | Place    | Note
-------+----------+-------------------------------------------
     0 | D:1      | issech the Troll Monk began the quest for the Orb.
     0 | D:1      | Reached XP level 1. HP: 22/22 MP: 0/0
    81 | D:1      | Reached skill level 3 in Maces & Flails
    92 | D:1      | Reached XP level 2. HP: 26/29 MP: 1/1
   544 | D:1      | Reached XP level 3. HP: 30/36 MP: 2/2
   972 | D:2      | Identified the +4 dagger of the Genius {antimagic, Str+3}
   974 | D:2      | Identified the +1 dagger of Xobluoh {speed, rC++ Will+
                  | Stlth-}
   990 | D:2      | Found Caameun's Weapon Boutique.
  1005 | D:2      | Noticed Sigmund
  1019 | D:2      | Killed Sigmund
  1020 | D:2      | Reached skill level 4 in Maces & Flails
  1020 | D:2      | Reached XP level 4. HP: 23/44 MP: 1/3
  1020 | D:2      | Reached XP level 5. HP: 27/52 MP: 1/4
  1079 | D:2      | Found Byxitul's General Store.
  1192 | D:2      | Found Waich's Distillery.
  1373 | D:2      | Found Aprax's Distillery.
  1541 | D:2      | HP: 1/45 [orc (2)]
  1541 | D:2      | Slain by an orc

Illustrated notes

Levels and vault maps discovered:
D:1:      wheals_arrival_linesprint, layout_rooms, minmay_tree_intersection,
          minmay_indecisive_spiral
D:2:      layout_rooms, serial_shops, nicolae_shop_crystal, nicolae_shop_trees,
          nicolae_diamond_shop, shop, minmay_cupped, uniq_sigmund
D:3:      layout_rooms, trog_three_pillars_becter,
          hellmonk_ecumenical_altar_defaced_shrine

Skill      XL: |  1  2  3  4  5 |
---------------+----------------+-----
Maces & Flails | 3 4 |  4.2
Dodging        | 3 |  3.4
Fighting       | 3 |  3.0
Short Blades   | |  0.2
Stealth        | |  1.4

Action                   |  1- 3 |  4- 6 || total
-------------------------+-------+-------++-------
Melee: Mace              |   108 |    51 ||   159
       Dagger            |     9 |       ||     9
 Stab: Sleeping          |     2 |       ||     2
Armor: Robe              |    49 |    18 ||    67
Dodge: Dodged            |    90 |    28 ||   118
